 Dungeon Crawl Stone Soup version 0.30-a0-297-g0ec75d9ef4 (webtiles) character file.

Game seed: 8424062965853843532

114 AarnesTheHuman the Shield-Bearer (level 5, -5/43 HPs)
             Began as a Formicid Fighter on Oct 18, 2022.
             Engulfed by a steam dragon's steam (9 damage)
             ... on level 3 of the Dungeon.
             The game lasted 00:02:49 (2214 turns).

AarnesTheHuman the Shield-Bearer (Formicid Fighter) Turns: 2214, Time: 00:02:50

Health: -5/43      AC: 11    Str: 23    XL:     5   Next: 19%
Magic:  5/5        EV:  6    Int:  7    God:
Gold:   137        SH:  5    Dex: 13    Spells: 4/4 levels left

rFire   . . .      SeeInvis +    a - +0 war axe
rCold   . . .      Faith    .    c - +0 buckler
rNeg    . . .      Spirit   .    o - +0 plate armour
rPois   .          Reflect  .    (helmet unavailable)
rElec   .          Harm     .    (no cloak)
rCorr   .          Rampage  .    (no gloves)
Will    .....                    (no boots)
Stlth   ..........               (no amulet)
HPRegen 0.27/turn                (no ring)
MPRegen 0.09/turn                (no ring)

@: no status effects
A: permanent stasis, dig shafts and tunnels, antennae 3, four strong arms
a: Dig, Shaft Self


You were on level 3 of the Dungeon.
You visited 1 branch of the dungeon, and saw 4 of its levels.

You collected 137 gold pieces.

Inventory:

Hand Weapons
 a - a +0 war axe (weapon)
Missiles
 e - 26 stones (quivered)
 i - 6 poisoned darts
Armour
 b - a +0 scale mail
 c - a +0 buckler (worn)
 o - a +0 plate armour (worn)
Jewellery
 j - an amulet of regeneration
Scrolls
 f - 2 scrolls of identify {unknown}
 k - a scroll of torment {unknown}
 l - a scroll of enchant weapon {unknown}
 m - a scroll of teleportation {unknown}
 n - a scroll of noise {unknown}
 q - a scroll of immolation {unknown}
Potions
 d - a potion of might
 g - a potion of lignification {unknown}
 h - a potion of cancellation {unknown}
 p - a potion of curing {unknown}


   Skills:
 + Level 4.4 Fighting
 + Level 3.2 Axes
 - Level 3.2 Armour
 + Level 5.3 Shields


You had 4 spell levels left.
You didn't know any spells.
Your spell library contained the following spells:

 Spells                   Type           Power      Damage    Failure   Level
 Summon Small Mammal      Summ           0%         N/A       100%        1
 Call Canine Familiar     Summ           0%         N/A       100%        3
 Gell's Gravitas          Tloc           0%         N/A       100%        3
 Ignite Poison            Fire/Tmut/Pois 0%         N/A       100%        3
 Kindle Blastsparks       Fire/Tloc/Air  0%         2d10      100%        3
 Lesser Beckoning         Tloc           0%         N/A       100%        3
 Summon Guardian Golem    Hex/Summ       0%         N/A       100%        3
 Teleport Other           Tloc           0%         N/A       100%        3
 Freezing Cloud           Conj/Ice/Air   0%         6-21      100%        5
 Dispersal                Tloc           0%         N/A       100%        6


Dungeon Overview and Level Annotations

Branches:
Dungeon (4/15)
 Temple: D:4-7

Altars:
Ashenzari
Zin


Innate Abilities, Weirdness & Mutations

You cannot be hasted, slowed, berserked, paralysed or teleported.
You can dig through walls and to a lower floor.
You have a pair of large antennae on your head. (SInv)
Your four strong arms can wield two-handed weapons with a shield.


Message History

The ball of steam misses you.
The white imp shouts, "Back with thee, thou puny tickle-brained nightsoil!"
You hear a shout!
You hear an angry hiss.
You slash the iguana!
The iguana is heavily wounded.
You hit the kobold.
You kill the kobold!
You are engulfed in a cloud of scalding steam.
The iguana bites you. The iguana bites you!
The white imp attacks as you move away! The white imp closely misses you.
The white imp puffs mist at you.
The white imp is engulfed in a cloud of scalding steam.
The steam dragon bites you but does no damage.
The steam dragon completely misses you.
The white imp is engulfed in a cloud of scalding steam.
There is a stone staircase leading up here.
The steam dragon bites you but does no damage.
The steam dragon barely misses you. The iguana bites you.
The white imp summons a swarm of flies.
You climb upwards.
There is a stone staircase leading down here.
You hit the steam dragon but do no damage.
The steam dragon bites you but does no damage.
The steam dragon claws you but does no damage.
You barely miss the steam dragon. The steam dragon breathes steam at you.
The ball of steam hits you!
You closely miss the steam dragon.
You are engulfed in a cloud of scalding steam.
You block the steam dragon's attack. The steam dragon claws you.
The steam dragon bites you.
The steam dragon claws you but does no damage.
You barely miss the steam dragon.
You are engulfed in a cloud of scalding steam.
* * * LOW HITPOINT WARNING * * *
The steam dragon bites you but does no damage.
You block the steam dragon's attack.
You closely miss the steam dragon.
You are engulfed in a cloud of scalding steam.
You die...

#.... ########.###
#........#..
##.#.........
#####........##..
#.....##.###.##..
#.....##.#.#.##..
##Dl..............
#@#############...
### #8###8## #...
##8...8...8####.
#####.........##.#.
#..#>........._#...
#.###.........##.#.
#.###8...8...8##.#.
#..# #8###8# #.#.
#.## ##### #.#.


You could see a steam dragon and an iguana.

Vanquished Creatures
  A gnoll (D:1)
  An adder (D:4)
  A worm (D:2)
  2 dart slugs
  5 orcs (D:3)
  3 ball pythons
  6 endoplasms
  3 giant cockroaches
  9 goblins
  10 hobgoblins
  7 jackals
  6 kobolds
  3 quokkas
  9 bats
  4 frilled lizards
  4 rats
74 creatures vanquished.

Notes
Turn   | Place    | Note
-------+----------+-------------------------------------------
     0 | D:1      | AarnesTheHuman the Formicid Fighter began the quest for the
                  | Orb.
     0 | D:1      | Reached XP level 1. HP: 18/18 MP: 1/1
    88 | D:1      | Reached XP level 2. HP: 24/24 MP: 2/2
   287 | D:1      | Reached XP level 3. HP: 16/30 MP: 3/3
   719 | D:1      | Reached XP level 4. HP: 30/37 MP: 4/4
  1026 | D:2      | Found a broken altar of Ashenzari.
  1149 | D:2      | Reached skill level 5 in Shields
  1444 | D:3      | Found a glowing silver altar of Zin.
  1624 | D:3      | Reached XP level 5. HP: 36/42 MP: 5/5
  2202 | D:4      | Noticed a steam dragon
  2214 | D:3      | Engulfed by a steam dragon's steam

Illustrated notes

Levels and vault maps discovered:
D:1:      dpeg_arrival_tiny_b, layout_basic
D:2:      layout_rooms, basic_altar
D:3:      layout_basic, nicolae_overflow_hidden_temple
D:4:      layout_gridville, minmay_pentomino_pile, uniq_edmund

Skill      XL: |  1  2  3  4 |
---------------+-------------+-----
Fighting       | 4 |  4.4
Axes           | 3 |  3.2
Shields        | 5 |  5.3
Armour         | |  3.2

Action                   |  1- 3 |  4- 6 || total
-------------------------+-------+-------++-------
Melee: War axe           |    65 |   113 ||   178
Armor: Scale mail        |    29 |    42 ||    71
       Plate armour      |       |    24 ||    24
Dodge: Dodged            |    41 |    49 ||    90
Block: Buckler           |    16 |    28 ||    44

Table legend: (Time is in decaauts)
 A = Elapsed time spent in this place.
 B = Non-inter-level travel time spent in this place.
 C = Inter-level travel time spent in this place.
 D = Time resting spent in this place.
 E = Time spent auto-exploring this place.
 F = Levels seen in this place.
 G = Mean time per level.
                   A        B        C        D        E       F      G
               +--------+--------+--------+--------+--------+-----+--------+
         Total |   2284 |   2197 |     87 |     54 |   1661 |   4 |  571.0 |
       Dungeon |   2284 |   2197 |     87 |     54 |   1661 |   4 |  571.0 |
               +--------+--------+--------+--------+--------+-----+--------+

Top non-repeatable levels by time:
     D:1: 991 daAuts
     D:3: 799 daAuts
     D:2: 468 daAuts
     D:4: 24 daAuts
